 Dungeon Crawl Stone Soup version 0.19.5 (webtiles) character file.

604 Peloso the Slasher (level 7, 0/61 HPs)
             Began as a Minotaur Fighter on Apr 22, 2017.
             Killed by nerve-wracking pain
             ... invoked by an orc priest
              (11 damage)
             ... on level 4 of the Dungeon.
             The game lasted 00:05:28 (2057 turns).

Peloso the Slasher (Minotaur Fighter)               Turns: 2057, Time: 00:05:29

Health: 0/61       AC:  7    Str: 21    XL:     7   Next: 18%
Magic:  6/6        EV:  8    Int:  5    God:
Gold:   284        SH: 10    Dex: 11    Spells: 0 memorised, 6 levels left

rFire  . . .     SeeInvis .     a - +1 long sword
rCold  . . .     Gourm    .     b - +0 scale mail
rNeg   . . .     Faith    .     c - +0 shield
rPois  .         Spirit   .     (helmet restricted)
rElec  .         Reflect  .     (no cloak)
rCorr  .         Harm     .     (no gloves)
MR     .....                    (no boots)
Stlth  ..........               (no amulet)
                                o - ring of wizardry
                                (no ring)

@: no status effects
A: retaliatory headbutt, horns 2
a: no special abilities


You were on level 4 of the Dungeon.
You were not hungry.

You visited 1 branch of the dungeon, and saw 4 of its levels.

You collected 284 gold pieces.

Inventory:

Hand Weapons
 a - a +1 long sword (weapon)
Armour
 b - a +0 scale mail (worn)
 c - a +0 shield (worn)
Jewellery
 o - a ring of wizardry (right hand)
Scrolls
 g - 2 scrolls of fear
 h - a scroll of fog {unknown}
 l - a scroll of enchant armour {unknown}
 n - a scroll of amnesia {unknown}
Potions
 d - a potion of might
 i - a potion of lignification {unknown}
 k - 3 potions of brilliance {unknown}
Comestibles
 f - 2 bread rations
 j - a slice of pizza
 m - 2 chunks of flesh


   Skills:
 + Level 5.2 Fighting
 + Level 5.8 Long Blades
 + Level 5.5 Armour
 + Level 2.1 Dodging
 + Level 0.1 Stealth
 + Level 5.5 Shields


You had 6 spell levels left.
You didn't know any spells.

Dungeon Overview and Level Annotations

Branches:
Dungeon (4/15)
 Temple: D:4-7

Altars:
Ru


Innate Abilities, Weirdness & Mutations

You reflexively headbutt those who attack you in melee.
You have a pair of horns on your head.


Message History

The orc priest miscasts a cantrip.
You slash the orc priest! Your headbutt misses the orc priest.
The orc priest is severely wounded.
You block the orc priest's attack.
Your shield prevents you from hitting the orc priest.
Your headbutt misses the orc priest.
The orc priest is severely wounded.
The orc priest begins to cast a cantrip, but forgets the words!
The orc priest looks braver for a moment.
You slash the orc priest!
You kill the orc priest!
The orc misses you.
Your shield and scale mail prevent you from hitting the orc.
You block the orc's attack.
You feel better. The orc hits you but does no damage.
You hit the orc.
The orc is lightly wounded.
The orc priest mumbles some strange prayers to Beogh against you.
Pain shoots through your body!
You die...

#.#######
##...## #.#
##+## #.# #.#
#.# #.#####
#.#... #.#.####
#
#....@.###.###o#
###(##o.o)...)..
#.######.###.#
#[# # #.# #..
###


You could see an orc priest and an orc.

Vanquished Creatures
  Sigmund (D:2)
  An ogre (D:4)
  The ghost of tschems the Covered, an amateur HuFi (D:3)
  An orc wizard (D:3)
  3 orc priests
  2 worker ants (D:4)
  3 adders
  An ooze (D:1)
  2 worms (D:3)
  2 dart slugs (D:1)
  2 leopard geckos
  3 orcs (D:3)
  4 bats (D:1)
  6 giant cockroaches
  11 goblins
  9 hobgoblins
  7 jackals (D:1)
  7 kobolds
  A quokka (D:2)
  A ball python (D:2)
  4 frilled lizards
  5 rats
77 creatures vanquished.

Notes
Turn   | Place    | Note
-------+----------+-------------------------------------------
     0 | D:1      | Peloso the Minotaur Fighter began the quest for the Orb.
     0 | D:1      | Reached XP level 1. HP: 19/19 MP: 0/0
    86 | D:1      | Reached XP level 2. HP: 18/27 MP: 1/1
   343 | D:1      | Reached XP level 3. HP: 33/33 MP: 2/2
   618 | D:2      | Found a sacrificial altar of Ru.
   897 | D:2      | Noticed Sigmund
   907 | D:2      | Killed Sigmund
   907 | D:2      | Reached skill level 1 in Dodging
   907 | D:2      | Reached XP level 4. HP: 36/40 MP: 3/3
   907 | D:2      | Reached XP level 5. HP: 42/46 MP: 4/4
  1043 | D:2      | Reached skill level 5 in Long Blades
  1338 | D:3      | Noticed tschems's ghost (amateur HuFi)
  1375 | D:3      | Killed tschems's ghost
  1375 | D:3      | Reached skill level 5 in Shields
  1375 | D:3      | Reached XP level 6. HP: 40/53 MP: 5/5
  1976 | D:4      | Reached skill level 5 in Fighting
  1976 | D:4      | Reached skill level 5 in Armour
  2014 | D:4      | Reached XP level 7. HP: 36/61 MP: 6/6
  2057 | D:4      | Killed from afar by an orc priest

Skill      XL: |  1  2  3  4  5  6 |
---------------+-------------------+-----
Shields        | 4 5 |  5.5
Armour         | 4 5 |  5.5
Long Blades    | 4 5 |  5.8
Fighting       | 4 5 |  5.2
Dodging        | 1 2 |  2.1
Stealth        | |  0.1

Action                   |  1- 3 |  4- 6 |  7- 9 || total
-------------------------+-------+-------+-------++-------
Melee: Long sword        |   103 |    90 |    11 ||   204
       Headbutt          |    12 |    12 |     3 ||    27
  Use: Scroll            |       |     5 |       ||     5
       Potion            |       |       |     1 ||     1
  Eat: Chunk             |       |     4 |       ||     4
Armor: Scale mail        |    62 |    25 |     3 ||    90
Dodge: Dodged            |    41 |    14 |     2 ||    57
Block: Shield            |    62 |    30 |     3 ||    95
       Rpst.: Long sword |    14 |     3 |       ||    17
